 Dungeon Crawl Stone Soup version 0.29-a0-993-g4a18f31a58 (webtiles) character file.

Game seed: 16688063897224097486

9 Nato the Shooter (level 2, 0/17 HPs)
             Began as a Deep Elf Hunter on Aug 3, 2022.
             Slain by a quokka (3 damage)
             ... on level 1 of the Dungeon.
             The game lasted 00:00:36 (383 turns).

Nato the Shooter (Deep Elf Hunter)                   Turns: 383, Time: 00:00:37

Health: 0/17       AC:  3    Str:  8    XL:     2   Next: 3%
Magic:  4/4        EV:  9    Int: 13    God:
Gold:   14         SH:  0    Dex: 18    Spells: 1/1 levels left

rFire   . . .      SeeInvis .   a - +0 shortbow
rCold   . . .      Faith    .   (shield currently unavailable)
rNeg    . . .      Spirit   .   c - +0 leather armour
rPois   .          Reflect  .   (no helmet)
rElec   .          Harm     .   (no cloak)
rCorr   .          Rampage  .   (no gloves)
Will    .....                   (no boots)
Stlth   ++........              (no amulet)
HPRegen 0.05/turn               (no ring)
MPRegen 0.09/turn               (no ring)

@: constricted
A: no striking features
a: no special abilities


You were on level 1 of the Dungeon.
You visited 1 branch of the dungeon, and saw 1 of its levels.

You collected 14 gold pieces.

Inventory:

Hand Weapons
 a - a +0 shortbow (weapon)
Armour
 c - a +0 leather armour (worn)
Scrolls
 b - a scroll of immolation
 d - a scroll of fear {unknown}
 e - a scroll of blinking {unknown}


   Skills:
 + Level 1.8 Fighting
 + Level 5.5 Ranged Weapons
 - Level 2.4 Dodging
 + Level 1.9 Stealth


You had one spell level left.
You didn't know any spells.
Your spell library was empty.

Dungeon Overview and Level Annotations

Branches:
Dungeon (1/15)

Altars:


Message History

The quokka is severely wounded.
The bat hits you but does no damage. The quokka barely misses you. x2
The bat hits you.
You shoot an arrow. The arrow closely misses the quokka.
The bat misses you. The quokka closely misses you. The quokka misses you.
You shoot an arrow. The arrow misses the quokka.
The bat misses you.
The ball python bites you but does no damage.
The ball python closely misses you. The bat barely misses you.
The quokka twitches its whiskers.
The quokka bites you. The ball python barely misses you. x2
You shoot an arrow.
The arrow hits the quokka but does no damage.
The quokka is severely wounded.
The bat hits you but does no damage. The quokka bites you.
The ball python completely misses you. The ball python grabs you.
The ball python constricts you. The quokka bites you.
The ball python bites you but does no damage.
The ball python constricts you.
You are too injured to fight recklessly!
You are too injured to fight recklessly!
You are too injured to fight recklessly!
Fire: a) +0 shortbow
Press: ? - help, Q - select action Shift-Dir - straight line, f/p - quokka
Aim: a quokka (heavily wounded, 53% to hit)
You shoot an arrow.
The arrow hits the quokka but does no damage.
The quokka is heavily wounded.
The bat closely misses you. x2; The quokka barely misses you.
The ball python bites you but does no damage.
The ball python constricts you.
Fire: a) +0 shortbow
Press: ? - help, Q - select action Shift-Dir - straight line, f/p - quokka
Aim: a quokka (heavily wounded, 53% to hit)
You shoot an arrow. The arrow hits the quokka.
The quokka is almost dead.
The bat barely misses you. The quokka bites you.
* * * LOW HITPOINT WARNING * * *
The ball python closely misses you. The ball python constricts you.
The quokka bites you.
You die...

.. .. .. # .# . . # #.#.##. #
.. ..$ #......#. .#....
#.....#.##..#.#
#..........#..#.
#..#..rS..#.+.!.
#.#...#@#...... #.....#....##
#......^....# #
#........####...
#..#..###.#....##########
.........................
######
####.##†#############.###
.....## ..............†.....#.#
......###.##.##...#########.#.#


You could see a quokka and a ball python.

Vanquished Creatures
  3 ball pythons (D:1)
  A goblin (D:1)
  A hobgoblin (D:1)
  A kobold (D:1)
  A bat (D:1)
  A rat (D:1)
8 creatures vanquished.

Notes
Turn   | Place    | Note
-------+----------+-------------------------------------------
     0 | D:1      | Nato the Deep Elf Hunter began the quest for the Orb.
     0 | D:1      | Reached XP level 1. HP: 12/12 MP: 3/3
   367 | D:1      | Reached XP level 2. HP: 17/17 MP: 4/4
   370 | D:1      | Found a faded altar of an unknown god.
   383 | D:1      | Slain by a quokka

Illustrated notes

Levels and vault maps discovered:
D:1:      lemuel_arrival_rhombus, layout_basic,
          hellmonk_ecumenical_altar_blasted, minmay_pentomino_x4

Action                   || total
-------------------------++-------
 Fire: Shortbow          ||    24
Armor: Leather armour    ||     8
Dodge: Dodged            ||    21

Table legend: (Time is in decaauts)
 A = Elapsed time spent in this place.
 B = Non-inter-level travel time spent in this place.
 C = Inter-level travel time spent in this place.
 D = Time resting spent in this place.
 E = Time spent auto-exploring this place.
 F = Levels seen in this place.
 G = Mean time per level.
                   A        B        C        D        E       F      G
               +--------+--------+--------+--------+--------+-----+--------+
         Total |    389 |    389 |      0 |      0 |    344 |   1 |  389.0 |
       Dungeon |    389 |    389 |      0 |      0 |    344 |   1 |  389.0 |
               +--------+--------+--------+--------+--------+-----+--------+

Top non-repeatable levels by time:
     D:1: 389 daAuts
